Map: Ruines de Seras

Players

asdf

  • Race: Protoss Protoss

Worming - Winner!

  • Race: Zerg Zerg
  • League: Diamond

VOD

Have the link to the VOD?

Description

Time

  • Played on: Feb. 14, 2016, 7:04 a.m.
  • Length: 17:29
Show
View Real Time Build Order
Export as new Build Order

asdf Protoss 

Build Orders: Nexus First 

Get SALT Encoding   

  12  0:01  Probe (Chrono Boost)  
  13  0:12  Probe (Chrono Boost)  
  14  0:23  Pylon  
  14  0:24  Probe (Chrono Boost)  
  15  0:41  Probe (Chrono Boost)  
  16  0:52  Probe (Chrono Boost)  
  17  1:00  Nexus  
  17  1:11  Gateway  
  17  1:13  Probe (Chrono Boost)  
  18  1:19  Assimilator  
  18  1:24  Probe (Chrono Boost)  
  19  1:31  Assimilator  
  19  1:34  Probe (Chrono Boost)  
  20  1:47  Probe (Chrono Boost), Pylon  
  21  1:58  Probe (Chrono Boost)  
  22  2:06  Cybernetics Core  
  22  2:08  Zealot  
  24  2:11  Probe (Chrono Boost)  
  24  2:14  Probe (Chrono Boost)  
  26  2:22  Probe (Chrono Boost)  
  27  2:25  Probe (Chrono Boost)  
  28  2:32  Probe (Chrono Boost)  
  28  2:36  Probe (Chrono Boost)  
  30  2:37  Pylon  
  30  2:43  Probe (Chrono Boost)  
  31  2:46  Probe (Chrono Boost)  
  31  2:54  Probe (Chrono Boost), Stalker  
  31  2:57  Probe (Chrono Boost)  
  35  3:04  Probe (Chrono Boost), Assimilator  
  36  3:07  Probe (Chrono Boost)  
  36  3:08  Assimilator  
  37  3:16  Probe (Chrono Boost)  
  37  3:18  Probe (Chrono Boost)  
  39  3:26  Mothership Core (Chrono Boost)  
  41  3:31  Pylon  
  41  3:33  Probe (Chrono Boost)  
  42  3:36  Sentry  
  42  3:37  Warp Gate  
  44  3:43  Probe (Chrono Boost)  
  44  3:45  Probe (Chrono Boost)  
  46  3:53  Stargate  
  46  3:54  Probe (Chrono Boost), Stargate  
  47  3:56  Probe (Chrono Boost)  
  48  4:04  Probe (Chrono Boost)  
  48  4:05  Pylon  
  48  4:06  Probe (Chrono Boost)  
  48  4:07  Sentry  
  52  4:15  Probe (Chrono Boost)  
  54  4:17  Probe (Chrono Boost)  
  54  4:25  Probe (Chrono Boost)  
  54  4:27  Probe (Chrono Boost), Pylon  
  56  4:34  Sentry  
  56  4:36  Probe (Chrono Boost)  
  56  4:37  Phoenix x2 (Chrono Boost)  
  56  4:38  Probe (Chrono Boost)  
  64  4:59  Phoenix (Chrono Boost)  
  68  5:00  Phoenix (Chrono Boost)  
  68  5:02  Nexus  
  68  5:06  Pylon x2  
  68  5:08  Pylon  
  68  5:16  Probe x2  
  72  5:21  Phoenix x2 (Chrono Boost)  
  72  5:27  Gateway  
  72  5:28  Probe x2  
  76  5:40  Probe x2  
  80  5:43  Gateway, Phoenix x2 (Chrono Boost)  
  82  5:50  Gateway  
  82  5:56  Gateway  
  82  5:57  Gateway  
  82  6:04  Phoenix (Chrono Boost), Pylon  
  82  6:06  Pylon  
  86  6:21  Phoenix (Chrono Boost)  
  86  6:27  Zealot  
  86  6:30  Phoenix (Chrono Boost)  
  90  6:35  Zealot  
  92  6:43  Phoenix (Chrono Boost)  
  94  6:52  Phoenix (Chrono Boost)  
  96  7:00  Zealot  
  96  7:01  Zealot x2  
  102  7:03  Sentry, Zealot x2  
  102  7:08  Probe  
  108  7:09  Probe x2  
  108  7:11  Phoenix (Chrono Boost)  
  113  7:20  Phoenix (Chrono Boost)  
  113  7:21  Probe x2, Stalker x3  
  121  7:30  Stalker x2  
  121  7:31  Probe, Stalker  
  121  7:33  Probe, Phoenix (Chrono Boost)  
  131  7:41  Probe  
  131  7:42  Probe  
  131  7:44  Assimilator, Pylon  
  133  7:47  Pylon  
  133  7:49  Assimilator  
  133  7:55  Pylon  
  133  7:56  Pylon  
  133  8:02  Phoenix x2 (Chrono Boost), Stalker x2  
  133  8:05  Zealot x2  
  143  8:06  Stalker  
  147  8:19  Stalker  
  149  8:31  Nexus  
  149  8:33  Zealot  
  150  8:36  Stalker x4  
  158  8:42  Probe  
  158  8:43  Probe x2  
  161  8:50  Stalker  
  161  8:54  Twilight Council  
  161  8:55  Probe  
  144  9:19  Stalker x3  
  144  9:20  Stalker x3  
  144  9:22  Probe x2  
  156  9:35  Probe x2  
  124  9:47  Stalker x2  
  124  9:48  Stalker x2  
  124  9:49  Probe, Charge (Chrono Boost)  
  124  9:50  Probe x3  
  126  9:56  Zealot x2  
  126  9:59  Probe  
  130  10:02  Probe  
  130  10:04  Robotics Facility x2  
  130  10:05  Phoenix (Chrono Boost)  
  134  10:08  Phoenix (Chrono Boost)  
  136  10:15  Probe  
  136  10:18  Probe x2, Pylon x2  
  136  10:19  Probe  
  136  10:20  Pylon  
  137  10:29  Sentry  
  137  10:31  Zealot x3  
  137  10:35  Probe  
  146  10:42  Templar Archives  
  146  10:45  Stalker x2  
  146  10:59  Phoenix x2 (Chrono Boost)  
  146  11:00  Stalker x4  
  158  11:06  Robotics Bay, Probe x3  
  161  11:27  Immortal x2 (Chrono Boost)  
  161  11:29  High Templar x3  
  161  11:30  High Templar x3  
  181  11:34  Assimilator  
  181  11:36  Archon x3, Assimilator  
  181  11:51  Gateway  
  181  11:52  Gateway  
  181  11:53  Gateway x2  
  181  11:54  Pylon  
  180  12:06  Zealot  
  180  12:07  Zealot x2  
  185  12:09  High Templar x2  
  185  12:10  High Templar  
  199  12:16  Immortal x2 (Chrono Boost)  
  199  12:32  Archon  
  181  12:54  High Templar x3  
  181  12:55  High Templar x3  
  181  12:57  Immortal x2 (Chrono Boost)  
  153  13:09  Archon x2  
  153  13:10  Archon  
  149  13:22  High Templar  
  149  13:23  High Templar  
  149  13:24  Zealot x2  
  157  13:31  Immortal x2 (Chrono Boost)  
  157  13:33  Archon  
  165  13:34  High Templar  
  165  13:35  High Templar, Zealot x2  
  165  13:36  Zealot x2  
  177  13:43  Forge  
  177  13:44  Forge  
  177  14:02  High Templar x3, Zealot  
  183  14:03  Zealot x4  
  183  14:06  Immortal (Chrono Boost)  
  191  14:18  Immortal (Chrono Boost)  
  191  14:23  High Templar  
  195  14:26  Archon x2  
  195  14:28  Archon  
  187  14:33  Zealot x2  
  187  14:34  Zealot x4  
  198  14:38  Probe x2  
  198  14:39  Probe  
  198  14:41  Protoss Ground Weapons Level 1 (Chrono Boost)  
  198  14:42  Protoss Ground Armor Level 1 (Chrono Boost)  
  174  15:14  High Templar  
  174  15:15  High Templar x4  
  174  15:16  Zealot x5  
  174  15:18  Immortal  
  174  15:21  Archon x2  
  120  16:08  High Templar x4  
  120  16:09  High Templar, Zealot x3  
  120  16:10  Zealot x2  
  140  16:18  Archon x2  
  140  16:25  Immortal  
  144  16:32  Zealot x5  
  152  16:36  Immortal  
  158  16:41  Nexus  
  158  16:43  Zealot x5  
  167  16:58  High Templar  
  167  16:59  Zealot x4  
  177  17:05  Zealot x2  
  181  17:10  Pylon  
  181  17:18  Archon, Pylon  
  181  17:20  Pylon  
  181  17:22  Pylon  
Show
View Real Time Build Order
Export as new Build Order

Worming Zerg - Winner!

Build Orders: Hatch First 

Get SALT Encoding   

  12  0:03  Drone  
  13  0:15  Overlord  
  13  0:19  Drone  
  14  0:33  Drone x2  
  16  0:37  Drone  
  17  0:58  Drone, Hatchery  
  17  1:02  Drone  
  18  1:16  Spawning Pool  
  18  1:18  Drone  
  18  1:22  Drone  
  19  1:27  Extractor  
  19  1:30  Drone  
  19  1:42  Drone  
  20  1:53  Overlord  
  20  2:02  Queen  
  22  2:09  Queen  
  22  2:10  Zergling x4  
  22  2:14  Drone  
  27  2:21  Drone  
  28  2:28  Drone  
  28  2:29  Metabolic Boost  
  29  2:35  Drone x2  
  31  2:41  Queen  
  33  2:56  Drone  
  33  2:57  Drone x2  
  36  3:01  Hatchery  
  36  3:05  Overlord  
  35  3:08  Drone  
  36  3:28  Drone x8  
  44  3:36  Overlord x2  
  44  4:02  Drone x7  
  50  4:10  Lair  
  50  4:13  Evolution Chamber x2  
  50  4:14  Drone x3  
  51  4:22  Drone x4  
  55  4:32  Overlord x2  
  55  4:33  Overlord x2  
  55  4:36  Roach Warren  
  54  4:39  Extractor  
  54  4:42  Extractor  
  54  4:45  Drone x5  
  57  4:47  Zerg Melee Weapons Level 1  
  57  4:55  Drone  
  57  4:56  Drone  
  57  4:57  Drone  
  60  5:01  Drone  
  61  5:14  Overlord  
  61  5:15  Overlord  
  61  5:16  Zergling x14  
  61  5:17  Glial Reconstitution  
  61  5:21  Zerg Ground Armor Level 1  
  68  5:32  Drone  
  68  5:33  Extractor  
  68  5:45  Spore Crawler  
  68  5:47  Spore Crawler  
  65  5:57  Drone x2  
  65  5:58  Drone x2  
  65  6:00  Spore Crawler  
  68  6:14  Zergling x18  
  68  6:15  Zergling x10  
  81  6:27  Overlord x2  
  81  6:28  Roach  
  81  6:29  Roach x9  
  101  6:33  Infestation Pit  
  101  6:35  Hatchery  
  101  6:39  Spire  
  95  6:42  Spore Crawler  
  95  6:43  Spore Crawler  
  90  6:55  Spore Crawler  
  90  6:56  Drone x5  
  90  6:57  Spore Crawler x2  
  92  7:12  Queen  
  94  7:30  Zerg Melee Weapons Level 2, Zerg Ground Armor Level 2  
  94  7:33  Hive  
  94  7:35  Drone, Extractor  
  94  7:36  Drone x18, Extractor  
  109  7:41  Spore Crawler x2  
  109  7:43  Drone  
  108  7:46  Drone  
  108  7:49  Spore Crawler  
  108  7:51  Queen x2  
  108  7:53  Drone x3  
  108  7:54  Drone x3, Corruptor  
  108  7:58  Overlord  
  120  7:59  Overlord  
  120  8:09  Extractor  
  120  8:10  Extractor  
  118  8:19  Drone x3  
  121  8:20  Drone x3  
  121  8:23  Corruptor  
  121  8:24  Corruptor x4  
  121  8:25  Zergling x4  
  135  8:28  Corruptor  
  138  8:41  Zergling x6  
  138  8:43  Zergling x6  
  138  8:46  Ultralisk Cavern, Adrenal Glands  
  141  8:50  Zergling x4  
  141  8:54  Overlord  
  143  8:57  Overlord x3  
  138  9:08  Zergling x8  
  138  9:09  Zergling x16  
  132  9:16  Zergling x10  
  117  9:27  Corruptor x2  
  117  9:28  Corruptor  
  117  9:29  Zergling x2  
  108  9:44  Hatchery  
  101  9:51  Chitinous Plating  
  97  9:53  Drone x3  
  97  9:55  Drone x2  
  97  9:56  Drone  
  103  10:01  Zerg Melee Weapons Level 3  
  103  10:04  Zerg Ground Armor Level 3  
  103  10:06  Hatchery  
  102  10:14  Ultralisk  
  107  10:30  Ultralisk x2  
  118  10:43  Corruptor x4  
  118  10:44  Corruptor  
  125  10:55  Viper  
  122  10:57  Zergling x2  
  122  10:58  Zergling x12  
  127  11:05  Drone  
  128  11:17  Viper x2  
  132  11:20  Zergling x2  
  132  11:21  Zergling x6  
  136  11:34  Zergling x2  
  136  11:36  Zergling x2  
  136  11:38  Zergling x14, Ultralisk  
  151  11:42  Pathogen Glands  
  151  11:43  Zergling x2  
  151  11:44  Zergling x4  
  154  11:49  Hatchery  
  153  11:57  Spore Crawler  
  138  12:16  Zerg Flyer Armor Level 1  
  138  12:20  Corruptor x3  
  138  12:21  Zergling x18  
  144  12:35  Zergling x4, Ultralisk x2  
  154  12:45  Zergling x8  
  154  12:49  Burrow  
  141  12:56  Zergling x14  
  132  13:03  Zergling x2  
  132  13:07  Zerg Missile Weapons Level 1  
  132  13:19  Corruptor  
  124  13:20  Corruptor x8  
  124  13:26  Drone x8  
  124  13:27  Drone, Extractor  
  150  13:38  Zergling x2  
  151  13:42  Overlord  
  151  13:45  Pneumatized Carapace  
  149  13:50  Spore Crawler  
  142  14:10  Zerg Flyer Weapons Level 1  
  142  14:26  Drone x6  
  142  14:28  Spore Crawler  
  143  14:37  Drone x8  
  143  14:38  Drone x3  
  154  14:39  Zergling x18  
  154  14:40  Zergling x10  
  168  14:51  Ultralisk  
  168  14:52  Ultralisk x2  
  186  14:53  Overlord x3  
  186  14:54  Overlord  
  186  14:59  Extractor  
  183  15:01  Extractor  
  183  15:02  Spore Crawler  
  160  15:08  Zergling x22  
  165  15:18  Zergling x8, Ultralisk x2  
  174  15:37  Zergling x24  
  156  15:53  Zergling x6, Ultralisk x3  
  156  15:54  Zergling x2  
  163  16:03  Zergling x2, Ultralisk x3  
  163  16:04  Zergling x2  
  170  16:07  Hatchery  
  169  16:20  Zergling x12, Ultralisk x3  
  169  16:21  Zergling x2  
  194  16:38  Ultralisk  
  194  16:39  Hatchery  
  199  16:48  Extractor  
  189  17:01  Hydralisk Den  
Tags
 
Add a new tag
Caveats
  • Supply blocks, unpowered buildings, or Contaminate may cause inaccurate times.
  • Supply counts are checked every 10 seconds.